 Dungeon Crawl Stone Soup version 0.28-a0-529-g3bad584f25 (webtiles) character file.

Game seed: 5958375641898503516

223 robertstho the Magician (level 6, 0/42 HPs)
             Began as a Djinni Fire Elementalist on Sept 24, 2021.
             Slain by a gnoll (8 damage)
             ... on level 3 of the Dungeon.
             The game lasted 00:04:05 (3859 turns).

robertstho the Magician (Djinni Fire Elementalist)  Turns: 3859, Time: 00:04:05

Health: 0/42       AC:  2    Str:  7    XL:     6   Next: 20%
Gold:   44         EV: 12    Int: 19    God:
                   SH:  0    Dex: 13

rFire   + + .      SeeInvis .   l - +0 rapier (venom)
rCold   x . .      Faith    .   (no shield)
rNeg    . . .      Spirit   .   a - +0 robe
rPois   ∞          Reflect  .   (no helmet)
rElec   .          Harm     .   (no cloak)
rCorr   .          Rampage  .   (no gloves)
Will    .....                   (boots unavailable)
Stlth   ++........              (no amulet)
HPRegen 0.14/turn               (no ring)
MPRegen 0.00/turn               (no ring)

@: flying, very slightly contaminated
A: sickness immunity, fire resistance 2, cold vulnerability 1, float, innate
caster, hp casting, extra vitality 1
a: no special abilities


You were on level 3 of the Dungeon.
You visited 1 branch of the dungeon, and saw 3 of its levels.

You collected 44 gold pieces.

Inventory:

Hand Weapons
 b - a +2 vorpal falchion
 l - a +0 rapier of venom (weapon)
Armour
 a - a +0 robe (worn)
Scrolls
 c - a scroll of fog {unknown}
 d - 3 scrolls of noise {unknown}
 e - 4 scrolls of identify {unknown}
 f - a scroll of brand weapon {unknown}
 h - a scroll of magic mapping {unknown}
 i - a scroll of blinking {unknown}
 m - a scroll of acquirement {unknown}
 o - a scroll of teleportation {unknown}
 p - a scroll of immolation {unknown}
Potions
 g - a potion of cancellation {unknown}
 j - a potion of lignification {unknown}
 k - a potion of invisibility {unknown}
 n - a potion of attraction {unknown}


   Skills:
 * Level 1.6 Fighting
 + Level 0.1(0.3) Short Blades
 + Level 0.6 Long Blades
 + Level 2.6 Dodging
 + Level 2.0 Stealth
 * Level 4.3 Spellcasting


You couldn't memorise any spells.
You knew the following spells:

 Your Spells              Type           Power      Damage    Failure   Level
a - Foxfire               Conj/Fire      80%        2x1d8     2%          1
b - Scorch                Fire           40%        2d7       3%          2
c - Conjure Flame         Conj/Fire      20%        6-21      7%          3
d - Inner Flame           Hex/Fire       20%        N/A       7%          3
e - Flame Wave            Conj/Fire      20%        3d6       22%         4
f - Freeze                Ice            80%        1d9       2%          1
g - Ensorcelled Hibernat  Hex/Ice        40%        N/A       3%          2
Your spell library was empty.

Dungeon Overview and Level Annotations

Branches:
Dungeon (3/15)

Altars:


Innate Abilities, Weirdness & Mutations

You are immune to sickness and miasma.
You are immune to poison.
Your flesh is very heat resistant. (rF++)
You are vulnerable to cold. (rC-)
You float through the air rather than walking.
You learn spells naturally, not from books.
Your magical power is your life essence.
You have superior vitality. (+4 HP)


Message History

Casting: Flame Wave (quite dangerous; 22% risk of failure)
Press: ? - help, Dir - look around, f - activate A wave of flame ripples out!
The flame wave engulfs the goblin.
You kill the goblin! (Press . to intensify the flame waves.)
You hear a shout! x4
A hobgoblin comes into view.
You hear a shout!
A wave of flame ripples out!
The flame wave engulfs the gnoll!
You kill the gnoll!
The flame wave engulfs the gnoll!
The gnoll is severely wounded.
The flame wave engulfs the goblin!
You kill the goblin!
You hear a shout!
A goblin comes into view. It is wielding a +0 dagger.
A wave of flame ripples out!
The flame wave engulfs the gnoll!
You kill the gnoll!
The flame wave engulfs the gnoll!
The gnoll is severely wounded.
The flame wave engulfs the gnoll!
The gnoll is heavily wounded.
The flame wave engulfs the goblin!
You kill the goblin!
You finish channelling waves of flame.
A goblin comes into view. It is wielding a +0 club.
The gnoll barely misses you.
You hear a zap.
Some rock shatters into small pieces.
Casting: Flame Wave (quite dangerous; 22% risk of failure)
Confirm with . or Enter, or press ? or * to list all spells.
The spell is quite dangerous to cast (22% risk of failure)!
Continue anyway?
Casting: Flame Wave (quite dangerous; 22% risk of failure)
Press: ? - help, Dir - look around, f - activate You miscast Flame Wave.
Sparks fly from your hands! The gnoll hits you with a +0 flail!
* * * LOW HITPOINT WARNING * * *
A hobgoblin comes into view.
The gnoll hits you from afar with a +0 spear!
You die...

#..########
#..........
#.######### #.## #..
#..# #.# # ##.# #.#
. #.###.# #.# g..
#.....#
##.#####g.#.#.
####..#
#....@gg.g.J..
#.(####..###.gg.....
#.)......# #.###..J
##.####.## .# . #.#
#.# .# #.. ... .#
... ##.## ## ##.#
#.# .# #.#


You could see 2 gnolls, an endoplasm, 3 hobgoblins and 2 goblins.

Vanquished Creatures
  A hound (D:2)
  Natasha (thrice) (D:2)
  2 gnolls (D:3)
  4 adders (D:2)
  5 ball pythons
  7 bats
  5 endoplasms
  2 giant cockroaches
  5 goblins
  6 hobgoblins
  6 jackals
  9 kobolds
  4 quokkas
  2 frilled lizards (D:1)
  5 rats
66 creatures vanquished.

Vanquished Creatures (others)
  58 foxfires
58 creatures vanquished.

Grand Total: 124 creatures vanquished

Notes
Turn   | Place    | Note
-------+----------+-------------------------------------------
     0 | D:1      | robertstho the Djinni Fire Elementalist began the quest for
                  | the Orb.
     0 | D:1      | Reached XP level 1. HP: 15/15 MP: 0/0
   476 | D:1      | Reached XP level 2. HP: 19/21 MP: 0/0
  1134 | D:1      | Reached skill level 3 in Spellcasting
  1134 | D:1      | Reached XP level 3. HP: 16/26 MP: 0/0
  1134 | D:1      | Learned a level 1 spell: Freeze
  2044 | D:1      | Found a faded altar of an unknown god.
  2482 | D:2      | Noticed Natasha
  2486 | D:2      | Killed Natasha
  2487 | D:2      | Reached XP level 4. HP: 16/31 MP: 0/0
  2700 | D:2      | Reached skill level 1 in Fighting
  2819 | D:2      | Reached XP level 5. HP: 32/37 MP: 0/0
  2819 | D:2      | Learned a level 2 spell: Ensorcelled Hibernation
  3108 | D:2      | Noticed Natasha
  3113 | D:2      | Killed Natasha
  3118 | D:2      | Reached skill level 4 in Spellcasting
  3423 | D:2      | Noticed Natasha
  3431 | D:2      | Killed Natasha
  3432 | D:2      | Reached XP level 6. HP: 26/42 MP: 0/0
  3859 | D:3      | Slain by a gnoll

Illustrated notes

Levels and vault maps discovered:
D:1:      dpeg_arrival_rooms_with_view, layout_loops_corners,
          ebering_ecumenical_altar_abandoned
D:2:      layout_loops_ring, uniq_natasha
D:3:      layout_loops_ring, kennysheep_pointless_box, serial_bayou_pond_c,
          mrwooster_statue_mirror, uniq_ijyb, uniq_robin

Skill      XL: |  1  2  3  4  5 |
---------------+----------------+-----
Spellcasting   | 3 4 |  4.3
Fighting       | 1 |  1.6
Stealth        | 2 |  2.0
Short Blades   | |  0.1
Long Blades    | |  0.6
Dodging        | |  2.6

Action                   |  1- 3 |  4- 6 || total
-------------------------+-------+-------++-------
Melee: Falchion          |    28 |       ||    28
       Rapier            |       |    26 ||    26
 Cast: Foxfire           |    27 |     6 ||    33
       Scorch            |    22 |    20 ||    42
       Flame Wave        |       |     1 ||     1
 Stab: Sleeping          |     2 |     3 ||     5
Armor: Robe              |     7 |     3 ||    10
Dodge: Dodged            |    24 |    32 ||    56

Table legend: (Time is in decaauts)
 A = Elapsed time spent in this place.
 B = Non-inter-level travel time spent in this place.
 C = Inter-level travel time spent in this place.
 D = Time resting spent in this place.
 E = Time spent auto-exploring this place.
 F = Levels seen in this place.
 G = Mean time per level.
                   A        B        C        D        E       F      G
               +--------+--------+--------+--------+--------+-----+--------+
         Total |   3870 |   3800 |     70 |      0 |   3389 |   3 | 1290.0 |
       Dungeon |   3870 |   3800 |     70 |      0 |   3389 |   3 | 1290.0 |
               +--------+--------+--------+--------+--------+-----+--------+

Top non-repeatable levels by time:
     D:1: 2489 daAuts
     D:2: 1333 daAuts
     D:3: 47 daAuts
